 Dungeon Crawl Stone Soup version 0.30.1-9-gdf580d7c3d (webtiles) character file.

Game seed: 4686498742827517125

30 boopmooplesden the Covered (level 3, -1/32 HPs)
             Began as an Armataur Fighter on Oct 17, 2023.
             Slain by a worm (3 damage)
             ... on level 2 of the Dungeon.
             The game lasted 00:01:24 (618 turns).

boopmooplesden the Covered (Armataur Fighter)        Turns: 618, Time: 00:01:25

Health: -1/32      AC:  0    Str: 23    XL:     3   Next: 5%
Magic:  3/3        EV: 13    Int:  8    God:
Gold:   63         SH:  0    Dex:  9    Spells: 2/2 levels left

rFire   . . .        a - melded +0 long sword
rCold   . . .        c - melded +0 buckler
rNeg    . . .        b - melded +0 scale mail
rPois   .            (helmet currently unavailable)
rElec   .            (cloak currently unavailable)
rCorr   .            (gloves currently unavailable)
SInv    .            (no barding)
Will    .....        (no amulet)
Stlth   +            (ring currently unavailable)
HPRegen 0.25/turn    (ring currently unavailable)
MPRegen 0.08/turn

%: roll
@: mighty, pig-form (expiring), very quick
A: fast, no casting, small, rugged brown scales 3, (deformed body), (armoured
tail), roll, long tongue, awkward tongue
a: no special abilities


You were on level 2 of the Dungeon.
You were a filthy swine.
You visited 1 branch of the dungeon, and saw 2 of its levels.

You collected 63 gold pieces.

Inventory:

Hand Weapons
 a - a +0 long sword (melded)
Armour
 b - a +0 scale mail (melded)
 c - a +0 buckler (melded)
Scrolls
 h - a scroll of acquirement {unknown}
 i - a scroll of noise {unknown}
 j - a scroll of magic mapping {unknown}
 k - a scroll of identify {unknown}
Potions
 f - a potion of degeneration {unknown}
 g - a potion of mutation {unknown}


   Skills:
 + Level 2.9 Fighting
 + Level 2.1 Long Blades
 + Level 4.1 Armour
 + Level 3.7 Shields


You had 2 spell levels left.
You didn't know any spells.
Your spell library was empty.

Dungeon Overview and Level Annotations

Branches:
Dungeon (2/15)

Altars:

Annotations:
D:2 Jessica


Innate Abilities, Weirdness & Mutations

You are a filthy swine.
You move quickly.
Your equipment is almost entirely melded.
You are incapable of wielding weapons or throwing items.
You cannot cast spells.
(You are completely covered in rugged brown scales. (AC +3, +7% HP))
((Armour fits poorly on your strangely shaped body.))
((You have a long armoured tail.))
You roll when moving toward enemies. (Rampage)
Your long tongue fully drains potion bottles. (2x potion effects)
Your tongue gives you trouble enunciating. (1.5x scroll delay)


Message History

You hit Jessica but do no damage.
Jessica is heavily wounded.
Jessica hits you with a +0 dagger. Jessica casts a spell at you.
You barely resist. You hit Jessica.
Jessica is severely wounded.
Jessica drinks a potion.
Jessica is healed!
You hit Jessica.
Jessica is lightly wounded.
Jessica barely misses you.
You completely miss Jessica.
Jessica is lightly wounded.
Jessica barely misses you. Jessica completely misses you.
You hit Jessica but do no damage.
Jessica is lightly wounded.
Jessica barely misses you.
You hit Jessica.
Jessica is moderately wounded.
Jessica hits you with a +0 dagger. Jessica completely misses you.
You hit Jessica but do no damage.
Jessica is moderately wounded.
Your transformation is almost over.
Jessica casts a spell at you. Pain shoots through your body!
You closely miss Jessica.
Jessica is moderately wounded.
Jessica casts a spell.
Jessica blinks!
Jessica casts a spell at you. Pain shoots through your body!
* * * LOW HITPOINT WARNING * * *
Jessica mumbles some strange words.
Jessica blinks!
It was a potion of lignification.
You feel woody for a moment.
You slurp down every last drop of the potion of lignification!
You feel very mighty all of a sudden.
You slurp down every last drop of the potion of might!
The worm bites you.
You die...

#. ######.
......###
.......#
..#.#.#.###
........§.#
...#.#.#.#w#
.......<.h.+
...#.#.#.#.#
.....(.+
#.#.#.#@#
....##...#
.###+ #...#
. #...#
⌠....


You could see a worm and Jessica (fast).

Vanquished Creatures
  A dart slug (D:1)
  3 bats (D:1)
  6 endoplasms
  A giant cockroach (D:1)
  2 goblins (D:1)
  4 hobgoblins
  A quokka (D:1)
  2 ball pythons (D:1)
  A frilled lizard (D:1)
  A kobold (D:1)
  3 rats
25 creatures vanquished.

Notes
Turn   | Place    | Note
-------+----------+-------------------------------------------
     0 | D:1      | boopmooplesden the Armataur Fighter began the quest for the
                  | Orb.
     0 | D:1      | Reached XP level 1. HP: 19/19 MP: 1/1
    89 | D:1      | Reached skill level 4 in Armour
   122 | D:1      | Reached XP level 2. HP: 25/26 MP: 2/2
   593 | D:2      | Noticed Jessica
   601 | D:2      | Reached XP level 3. HP: 24/32 MP: 3/3
   615 | D:2      | HP: 1/32 [Jessica/nerve-wracking pain (13)]
   618 | D:2      | Slain by a worm

Illustrated notes

Levels and vault maps discovered:
D:1:      amcnicky_arrival_underground_garden, layout_rooms
D:2:      minmay_diamond_boxcup, layout_basic, basic_altar,
          dilly_ecumenical_altar_fadedgnrine, grunt_ministairs_1, st_stairs_8,
          grunt_decor_clamped, minmay_lizard_king, uniq_jessica, uniq_robin,
          uniq_terence

Skill      XL: |  1  2 |
---------------+-------+-----
Armour         | 4 |  4.1
Long Blades    | 2 |  2.1
Fighting       | |  2.9
Shields        | |  3.7

Action                     || total
---------------------------++-------
  Melee: Long sword        ||    95
         Tailslap          ||     7
         Unarmed           ||     8
    Use: Potion            ||     2
 Armour: Scale mail        ||    71
  Dodge: Dodged            ||    56
  Block: Buckler           ||    23
